 Dungeon Crawl Stone Soup version 0.26-a0-651-gb41185065b (webtiles) character file.

Game seed: 589115715497200276

200 sahdkjhfkaj the Conjurer (level 5, -2/31 HPs)
             Began as an Octopode Conjurer on Sept 28, 2020.
             Killed by divine providence
             ... invoked by an orc priest
              (13 damage)
             ... on level 4 of the Dungeon.
             The game lasted 00:05:18 (3657 turns).

sahdkjhfkaj the Conjurer (Octopode Conjurer)        Turns: 3657, Time: 00:05:18

Health: -2/31      AC:  1    Str:  7    XL:     5   Next: 79%
Magic:  5/9        EV: 13    Int: 21    God:
Gold:   134        SH:  0    Dex: 10    Spells: 3/10 levels left

rFire    + . .     SeeInvis .   (no weapon)
rCold    . . .     Faith    .   (no shield)
rNeg     . . .     Spirit   .   (helmet restricted)
rPois    +         Reflect  .   q - amulet of magic regeneration
rElec    .         Harm     .   c - ring of protection from fire
rCorr    .         Rampage  .   r - ring of poison resistance
MR       .....                  (no ring)
Stlth    +++.......             (no ring)
HPRegen  0.10/turn              (no ring)
MPRegen  0.36/turn              (no ring)
                                (no ring)
                                (no ring)

@: no status effects
A: almost no armour, stealthy swim, amphibious, 8 rings, constrict 8, camouflage
1, gelatinous body 1
a: no special abilities


You were on level 4 of the Dungeon.
You visited 1 branch of the dungeon, and saw 4 of its levels.

You collected 134 gold pieces.

Inventory:

Jewellery
 c - a ring of protection from fire (left tentacle)
 q - an amulet of magic regeneration (around mantle)
 r - a ring of poison resistance (right tentacle)
Scrolls
 b - a scroll of identify {unknown}
 d - a scroll of immolation {unknown}
 g - 3 scrolls of teleportation
 h - a scroll of fog {unknown}
 j - 2 scrolls of remove curse
 n - a scroll of amnesia {unknown}
 p - a scroll of magic mapping {unknown}
Potions
 a - 2 potions of mutation {unknown}
 e - 2 potions of curing {unknown}
 f - a potion of might {unknown}
 i - 2 potions of berserk rage {unknown}
 k - a potion of lignification {unknown}
 l - 3 potions of degeneration {unknown}
 m - a potion of flight {unknown}


   Skills:
 - Level 2.4 Dodging
 - Level 2.8 Stealth
 + Level 3.1 Spellcasting
 * Level 6.1 Conjurations


You had 3 spell levels left.
You knew the following spells:

 Your Spells              Type           Power        Failure   Level
a - Magic Dart            Conj           ####         1%          1
b - Searing Ray           Conj           ####..       1%          2
f - Fulminant Prism       Conj/Hex       ###.......   36%         4

Your spell library contained the following spells:

 Spells                   Type           Power        Failure   Level
 Dazzling Flash           Conj/Hex       ###...       12%         3
 Iskenderun's Mystic Bla  Conj/Tloc      ###.....     36%         4


Dungeon Overview and Level Annotations

Branches:
Dungeon (4/15)
 Temple: D:4-7

Altars:
Ru
Yredelemnul

Annotations:
D:4 Eustachio


Innate Abilities, Weirdness & Mutations

You cannot wear most types of armour.
You are very stealthy in the water. (Stealth+)
You are amphibious.
You can wear up to eight rings at the same time.
You can use your tentacles to constrict eight enemies at once.
Your skin changes colour to match your surroundings (Stealth+).
Your rubbery body absorbs attacks. (AC +1, EV +1)


Message History

Unknown command.
The searing ray hits the orc!
You kill the orc!
The searing ray hits the orc!
You kill the orc!
The searing ray hits the orc wizard!
The orc wizard is severely wounded.
The orc priest invokes the aid of Beogh against you.
Beogh smites you!
Ouch! That really hurt!
The orc wizard mumbles some strange words.
The orc wizard seems to speed up.
The searing ray hits the orc wizard!
You kill the orc wizard!
Your Spellcasting skill increases to level 3!
Your Conjurations skill increases to level 6!
You finish channeling your searing ray.
The orc priest calls down the wrath of Beogh upon you.
Beogh smites you!
You die...

....###..<..........<......
..._#.##.#....[..###.....#
...##............##.#....#
.8##....##..###..........
##.#####.# #.#..#.#..# ###
##.#####..###..$ #...#
#...# #... ##.o######.##
##.(# ###.
#...)))@...####...# ..
#.....#.#.......... ..
...## ###..<....# ... .
#........## ... #.##......#
.... ..o #......# ....#
#..#....?. .a## ...#......
. ....# ....l


You could see an orc priest.

Vanquished Creatures
  2 orc wizards
  A worker ant (D:4)
  4 adders
  An ooze (D:4)
  A worm (D:3)
  A dart slug (D:1)
  17 orcs
  2 giant cockroaches
  3 goblins
  7 hobgoblins
  2 jackals (D:1)
  3 bats (D:1)
  5 frilled lizards (D:1)
  6 kobolds
  6 rats
61 creatures vanquished.

Vanquished Creatures (others)
  A plant (D:3)
1 creature vanquished.

Grand Total: 62 creatures vanquished

Notes
Turn   | Place    | Note
-------+----------+-------------------------------------------
     0 | D:1      | sahdkjhfkaj the Octopode Conjurer began the quest for the
                  | Orb.
     0 | D:1      | Reached XP level 1. HP: 11/11 MP: 3/3
   122 | D:1      | Reached XP level 2. HP: 8/17 MP: 0/5
   126 | D:1      | Learned a level 2 spell: Searing Ray
  1145 | D:1      | Reached XP level 3. HP: 21/21 MP: 4/6
  2306 | D:3      | Reached skill level 5 in Conjurations
  2560 | D:3      | Reached XP level 4. HP: 27/27 MP: 4/7
  2566 | D:3      | Learned a level 4 spell: Fulminant Prism
  3332 | D:3      | Reached XP level 5. HP: 31/31 MP: 5/9
  3621 | D:4      | Noticed Eustachio
  3637 | D:4      | Found a sacrificial altar of Ru.
  3640 | D:4      | Found a basalt altar of Yredelemnul.
  3657 | D:4      | Reached skill level 6 in Conjurations
  3657 | D:4      | Killed from afar by an orc priest

Illustrated notes

Levels and vault maps discovered:
D:1:      wander_arrival_abandoned_jail, layout_basic, chequers_avenue,
          st_stairs_13, minmay_pentomino_p4
D:2:      layout_basic
D:3:      layout_rooms, corexii_shack
D:4:      layout_cave_pools, nicolae_overflow_hidden_temple, uniq_eustachio

Skill      XL: |  1  2  3  4  5 |
---------------+----------------+-----
Conjurations   | 5 6 |  6.1
Spellcasting   | 3 |  3.1
Dodging        | |  2.4
Stealth        | |  2.8

Action                   |  1- 3 |  4- 6 || total
-------------------------+-------+-------++-------
Melee: Unarmed           |    12 |    11 ||    23
       Tentacles         |     4 |     5 ||     9
       Constrict         |     3 |     5 ||     8
 Cast: Magic Dart        |    57 |     6 ||    63
       Searing Ray       |    10 |    16 ||    26
  Use: Scroll            |       |     2 ||     2
 Stab: Sleeping          |     1 |       ||     1
Armor: Skin              |     6 |     2 ||     8
Dodge: Dodged            |    20 |    16 ||    36

Table legend: (Time is in decaauts)
 A = Elapsed time spent in this place.
 B = Non-inter-level travel time spent in this place.
 C = Inter-level travel time spent in this place.
 D = Time resting spent in this place.
 E = Time spent auto-exploring this place.
 F = Levels seen in this place.
 G = Mean time per level.
                   A        B        C        D        E       F      G
               +--------+--------+--------+--------+--------+-----+--------+
         Total |   3659 |   3570 |     89 |    122 |   2971 |   4 |  914.8 |
       Dungeon |   3659 |   3570 |     89 |    122 |   2971 |   4 |  914.8 |
               +--------+--------+--------+--------+--------+-----+--------+

Top non-repeatable levels by time:
     D:3: 1455 daAuts
     D:1: 1281 daAuts
     D:2: 845 daAuts
     D:4: 76 daAuts
